[Event "*** MasterClass Titled Tuesday Blitz"]
[Site "Chess.com"]
[Date "2017.12.05"]
[Round "6"]
[White "VeryAnonymousPatzer"]
[Black "roncataroja"]
[Result "0-1"]
[WhiteElo "1146"]
[BlackElo "1435"]
[TimeControl "180+2"]
[EndTime "15:29:24 PST"]
[Termination "roncataroja won by resignation"]

1. e4 c6 2. d4 d5 3. e5 Bf5 4. Nf3 e6 5. c4 Nd7 6. Nc3 dxc4 7.
Bxc4 f6 8. O-O fxe5 9. dxe5 Bc5 10. Ng5 Qe7 11. Nf3 O-O-O 12. Bg5 Qe8 13. Na4 Be7 14.
Bxe7 Qxe7 15. Nd4 Nxe5 16. Nxf5 exf5 17. Qe2 Rd4 18. f4 Re4 19. Qd3 Nxd3 20. Bxd3 Rxa4 21. Bxf5+ Kb8 22. Rfe1 Qc5+ 23. Kh1 Qxf5 24. Re8+ Kc7 25. Rd1 Rxf4 26. Ree1 Nf6 27. Re7+ Kb6 28. Ree1 Rf8 29. g3 Rf2 30. Kg1 Ng4 31. h3 Qf3 0-1

[Event "*** MasterClass Titled Tuesday Blitz"]
[Site "Chess.com"]
[Date "2017.12.05"]
[Round "6"]
[White "Colombiano07"]
[Black "luisgui16"]
[Result "0-1"]
[WhiteElo "2188"]
[BlackElo "2309"]
[TimeControl "180+2"]
[EndTime "15:29:45 PST"]
[Termination "luisgui16 won by resignation"]

1. e4 g6 2. d4 Bg7 3. Nc3 d6 4. Bg5 Nc6 5. Bb5 a6 6. Bxc6+ bxc6 7. Qd2 Rb8 8. O-O-O Nf6 9. h3 Be6 10. g4 Qc8 11. f4 Qb7 12. b3 Qb4 13. Nf3 a5 14.
f5 Bc4 15. e5 Qa3+ 16. Kb1 Nd5 17. Nxd5 Bxd5 18. Rhf1 a4 19. Qc3 axb3 20. cxb3 Bxb3 21.
Qxc6+ Kf8 22. Bxe7+ Kg8 23. Rf2 Bxa2+ 24. Ka1 Bb1+ 0-1

[Event "*** MasterClass Titled Tuesday Blitz"]
[Site "Chess.com"]
[Date "2017.12.05"]
[Round "6"]
[White "Kaphrep"]
[Black "1e41-0"]
[Result "1-0"]
[WhiteElo "2579"]
[BlackElo "2346"]
[TimeControl "180+2"]
[EndTime "15:29:50 PST"]
[Termination "Kaphrep won by checkmate"]

1. Nf3 d5 2. d4 Nf6 3. c4 c6 4.
e3 Bf5 5. Nc3 e6 6. Bd3 Bxd3 7.
Qxd3 Bd6 8. O-O O-O 9. e4 dxe4 10. Nxe4 Nxe4 11. Qxe4 Nd7 12. Re1 Qe7 13. Bg5 Nf6 14.
Qc2 Rfd8 15. Rad1 h6 16. Bh4 Bc7 17. Ne5 Bb6 18. c5 Bc7 19. Ng4 Rd5 20. Bxf6 gxf6 21. Nxh6+ Kg7 22. Nf5+ Rxf5 23. Qxf5 Bxh2+ 24. Kf1 Rh8 25.
Qg4+ Kf8 26. g3 f5 27. Qf4 Qf6 28. Qd6+ Kg8 29. Qb8+ Kg7 30. Qe5 Qxe5 31. dxe5 f4 32. Kg2 f6 33. Rd7+ Kg6 34. exf6 Kxf6 35. Rd6 Kf5 36.
Rdxe6 Kg4 37. f3+ Kf5 38. R1e5# 1-0

[Event "*** MasterClass Titled Tuesday Blitz"]
[Site "Chess.com"]
[Date "2017.12.05"]
[Round "6"]
[White "yurisolo"]
[Black "TijanaBlagojevic"]
[Result "1-0"]
[WhiteElo "2507"]
[BlackElo "2321"]
[TimeControl "180+2"]
[EndTime "15:29:54 PST"]
[Termination "yurisolo won by resignation"]

1. e4 e5 2. Nf3 Nc6 3. Bb5 Nf6 4. O-O Nxe4 5. Re1 Nd6 6. Ba4 Be7 7. Nc3 O-O 8. d4 exd4 9. Nd5 b5 10. Nxd4 Bf6 11. Nxb5 Nxb5 12. Bxb5 Bb7 13. Bf1 Nd4 14.
Nxf6+ Qxf6 15. c3 Ne6 16. Qxd7 Rad8 17. Qb5 Ba8 18. Be3 Rd5 19. Qa4 Rh5 20. f3 Qe5 21. h3 Rxh3 22. gxh3 Qg3+ 23. Bg2 Bxf3 24. Qc2 Bxg2 25.
Qxg2 Qd6 26. Rad1 Qc6 1-0

[Event "*** MasterClass Titled Tuesday Blitz"]
[Site "Chess.com"]
[Date "2017.12.05"]
[Round "6"]
[White "LastHeroJr"]
[Black "wanyaland"]
[Result "1-0"]
[WhiteElo "2408"]
[BlackElo "2241"]
[TimeControl "180+2"]
[EndTime "15:29:54 PST"]
[Termination "LastHeroJr won by resignation"]

1. e4 c5 2. Nf3 e6 3. d4 cxd4 4.
Nxd4 Nc6 5. Nc3 a6 6. Nxc6 bxc6 7. Bd3 d5 8. O-O Nf6 9. Re1 Be7 10. e5 Nd7 11. Qg4 Kf8 12. Na4 Nc5 13. Nxc5 Bxc5 14. c4 h5 15. Qe2 g6 16. Bd2 Rb8 17. b3 a5 18. cxd5 cxd5 19. Rac1 Be7 20. Bb5 Bb7 21. Bc6 Bxc6 22. Rxc6 Ra8 23. Rec1 Kg7 24. Rc7 a4 25. b4 a3 26. b5 Rb8 27. Ba5 Qe8 28. b6 Bg5 29. R1c6 Bd8 30. Rc8 Rxc8 31. Rxc8 Qd7 32.
Qa6 Qa4 33. b7 1-0

[Event "*** MasterClass Titled Tuesday Blitz"]
[Site "Chess.com"]
[Date "2017.12.05"]
[Round "6"]
[White "Alexander_Moskalenko"]
[Black "platy3"]
[Result "1/2-1/2"]
[WhiteElo "2746"]
[BlackElo "2557"]
[TimeControl "180+2"]
[EndTime "15:30:00 PST"]
[Termination "Game drawn by agreement"]

1. d4 Nf6 2. Nf3 e6 3. e3 b6 4.
Bd3 Bb7 5. c4 d5 6. cxd5 exd5 7.
O-O Nbd7 8. b3 Bd6 9. Bb2 O-O 10. Nc3 a6 11. Ne2 Re8 12. Rc1 Ne4 13. Ng3 g6 14. Qc2 Qe7 15. Ne5 Nxg3 16. hxg3 Rac8 17. Nc6 Qg5 18.
Rfe1 Nf6 19. Ne5 Ne4 20. Qe2 Ra8 21. Bxe4 dxe4 22. Nc4 Bb4 23. Red1 a5 24. Ba3 Qb5 25. Bxb4 axb4 26. Rc2 Bd5 27. Rdc1 Re7 28. Qd2 f6 29. Ra1 Rd7 30. Qc1 c6 31. a4 bxa3 32.
Rxa3 Rda7 33. Rca2 Rxa3 34. Rxa3 Rxa3 35. Qxa3 Bxc4 36.
bxc4 Qxc4 37. Qa8+ Kg7 38. Qb7+ Kh6 39. Qxb6 Qc1+ 40.
Kh2 Qc2 41. Kg1 Qc1+ 42. Kh2 Qc2 43. d5 Qd1 44. dxc6 Qh5+ 45. Kg1 Qd1+ 46. Kh2 Qh5+ 47. Kg1 Qd1+ 1/2-1/2

[Event "*** MasterClass Titled Tuesday Blitz"]
[Site "Chess.com"]
[Date "2017.12.05"]
[Round "6"]
[White "ChessMavenYeti"]
[Black "Scott-fox21"]
[Result "1-0"]
[WhiteElo "2075"]
[BlackElo "2193"]
[TimeControl "180+2"]
[EndTime "15:30:02 PST"]
[Termination "ChessMavenYeti won by resignation"]

1. d4 d5 2. c4 e6 3. Nc3 c6 4. e3 Nf6 5. Nf3 Bb4 6. Qc2 a6 7.
a3 Be7 8. Bd3 dxc4 9. Bxc4 b5 10. Bd3 Bb7 11. O-O O-O 12. b4 Nbd7 13. Bd2 Nb6 14. Ne5 a5 15. Ne4 axb4 16. Bxb4 Bxb4 17.
axb4 Nfd5 18. Nxc6 Bxc6 19. Qxc6 Nxb4 20. Qxb5 Nxd3 21. Qxd3 Qh4 22. Nc5 Nd5 23. Nd7 Rfd8 24.
Ne5 Rac8 25. Rfc1 Nb4 26. Qb3 Rb8 27. Qc4 h6 28. Qc7 Qf6 29. Rab1 Nd5 30. Qxb8 Rxb8 31. Rxb8+ Kh7 32. Rcc8 g5 33. Rf8 Kg7 34. Rxf7+ Qxf7 35. Nxf7 Kxf7 1-0

[Event "*** MasterClass Titled Tuesday Blitz"]
[Site "Chess.com"]
[Date "2017.12.05"]
[Round "6"]
[White "josemoramoron"]
[Black "toad"]
[Result "1-0"]
[WhiteElo "2191"]
[BlackElo "2169"]
[TimeControl "180+2"]
[EndTime "15:30:17 PST"]
[Termination "josemoramoron won by checkmate"]

1. e4 c5 2. Nf3 d6 3. d4 cxd4 4. Nxd4 Nf6 5. Nc3 a6 6. Bc4 e6 7. Bb3 Nbd7 8. O-O Nc5 9. Qe2 Be7 10. f4 O-O 11. Kh1 Qc7 12. e5 Nfd7 13. exd6 Bxd6 14. f5 Nxb3 15. axb3 e5 16. Ndb5 Qb8 17. Nxd6 Qxd6 18. Ne4 Qc6 19. f6 Nxf6 20. Nxf6+ gxf6 21. Bh6 Rd8 22. Ra4 f5 23. Bg5 f6 24. Rc4 Qd6 25. Bh4 Be6 26.
Rc3 Rf8 27. Qh5 Qe7 28. Qh6 Qg7 29. Rg3 Rf7 30. Bxf6 Qxg3 31. hxg3 Raf8 32. Bxe5 f4 33. Rxf4 Rxf4 34. Qg7# 1-0

[Event "*** MasterClass Titled Tuesday Blitz"]
[Site "Chess.com"]
[Date "2017.12.05"]
[Round "6"]
[White "Korchmar_Vasiliy"]
[Black "ENEASZ"]
[Result "1-0"]
[WhiteElo "2550"]
[BlackElo "2413"]
[TimeControl "180+2"]
[EndTime "15:30:25 PST"]
[Termination "Korchmar_Vasiliy won on time"]

1. d4 Nf6 2. c4 e6 3. Nc3 d5 4. cxd5 exd5 5. Bg5 Be7 6. e3 Nbd7 7. Bd3 c6 8. Nf3 Nh5 9. Bxe7 Qxe7 10. Qc2 g6 11. O-O-O Nb6 12. h3 Be6 13. Na4 Ng7 14. Nc5 Bf5 15. e4 dxe4 16. Rhe1 O-O 17. Bxe4 Qd6 18. Nxb7 Qf4+ 19. Qd2 Qb8 20. Qh6 Re8 21. Ng5 Qf4+ 22. Rd2 Bxe4 23. Qxh7+ Kf8 24. Qh8+ Ke7 25.
Qxg7 Kd7 26. Nc5+ Kc7 27. Rxe4 Rxe4 28. Ngxe4 Nc4 29. g3 Qf5 30. Re2 1-0

[Event "*** MasterClass Titled Tuesday Blitz"]
[Site "Chess.com"]
[Date "2017.12.05"]
[Round "6"]
[White "oliver98"]
[Black "nurmiTV"]
[Result "0-1"]
[WhiteElo "2283"]
[BlackElo "2466"]
[TimeControl "180+2"]
[EndTime "15:30:26 PST"]
[Termination "nurmiTV won by resignation"]

1. d4 d5 2. c4 dxc4 3. Nf3 Nf6 4. e3 a6 5. Bxc4 c5 6. O-O e6 7. dxc5 Qxd1 8. Rxd1 Bxc5 9. Be2 Nc6 10. b3 O-O 11. Bb2 Nd5 12. Nbd2 b6 13. Rac1 Bb7 14. Nc4 Rfc8 15.
a3 b5 16. Nce5 Nxe5 17. Nxe5 Nxe3 18. fxe3 Bxe3+ 19. Kf1 Bxc1 20. Rxc1 Rxc1+ 21. Bxc1 Rc8 22. Nd3 Be4 23. Bd2 Rc2 24. Be3 Bxg2+ 25. Kxg2 Rxe2+ 26. Kf3 Rxh2 27. Nc5 Ra2 28. a4 bxa4 29. bxa4 f5 30.
Nxa6 Rxa4 31. Nc5 Ra3 32. Nxe6 h6 33. Kf4 g5+ 0-1

[Event "*** MasterClass Titled Tuesday Blitz"]
[Site "Chess.com"]
[Date "2017.12.05"]
[Round "6"]
[White "Mistheoretical"]
[Black "Saitama_Hero"]
[Result "0-1"]
[WhiteElo "2262"]
[BlackElo "2112"]
[TimeControl "180+2"]
[EndTime "15:30:29 PST"]
[Termination "Saitama_Hero won by checkmate"]

1. d4 Nf6 2. Bg5 Ne4 3. Bf4 g5 4. Be5 Rg8 5. e3 Nc6 6. Bg3 d5 7. Nd2 Bf5 8. Bb5 Qd7 9. Ngf3 f6 10. c4 a6 11. Ba4 dxc4 12. Bc2 Nxd2 13. Nxd2 Nb4 14.
Bxf5 Qxf5 15. O-O b5 16. Bxc7 Rc8 17. Bg3 Nd3 18. Qc2 h5 19. e4 Qd7 20. h3 h4 21.
Bh2 g4 22. hxg4 Qxg4 23. g3 e5 24. d5 Bc5 25. Qd1 hxg3 26. Qxg4 Rxg4 27. Bxg3 Rxg3+ 28. Kh2 Rg8 29. b3 Kf7 30. bxc4 Rg7 31. Rh1 Rh8# 0-1

[Event "*** MasterClass Titled Tuesday Blitz"]
[Site "Chess.com"]
[Date "2017.12.05"]
[Round "6"]
[White "Rodalquilar"]
[Black "kanachess88"]
[Result "1-0"]
[WhiteElo "2481"]
[BlackElo "2257"]
[TimeControl "180+2"]
[EndTime "15:30:29 PST"]
[Termination "Rodalquilar won by resignation"]

1. d4 Nf6 2. Bf4 d6 3. Nf3 b6 4. h3 Bb7 5. e3 Nbd7 6. Be2 g6 7. O-O Bg7 8. a4 a5 9. Nbd2 O-O 10. c3 Re8 11.
Bh2 e5 12. Nc4 Ne4 13. Qc2 f5 14. Rfd1 Qe7 15. Na3 exd4 16. cxd4 c6 17. Nc4 b5 18. axb5 cxb5 19. Nxa5 Bd5 20. Bxb5 Rec8 21. Nc6 Qf7 22. Rxa8 Rxa8 23. Rc1 Bf8 24. Bf4 h6 25. h4 Ndf6 26.
Nb4 Bb3 27. Qc6 Rd8 28. Qc7 Qxc7 29. Rxc7 Rb8 30. Bc4+ Bxc4 31. Rxc4 d5 32. Nxd5 Nxd5 33. Bxb8 Kf7 34. Ne5+ Kf6 35. Rc6+ Ke7 36. Nxg6+ Kf7 37.
Nxf8 1-0

[Event "*** MasterClass Titled Tuesday Blitz"]
[Site "Chess.com"]
[Date "2017.12.05"]
[Round "6"]
[White "Indianlad"]
[Black "Markov_Mikhail"]
[Result "1-0"]
[WhiteElo "2604"]
[BlackElo "2606"]
[TimeControl "180+2"]
[EndTime "15:30:32 PST"]
[Termination "Indianlad won by resignation"]

1. e4 c5 2. Nf3 e6 3. d4 cxd4 4.
Nxd4 a6 5. Qd3 Qc7 6. Qg3 Qxg3 7. hxg3 Nc6 8. Nxc6 bxc6 9. Nc3 d5 10. Bf4 Bb4 11.
O-O-O Bxc3 12. bxc3 Nf6 13. f3 a5 14. c4 Ba6 15.
Be5 dxc4 16. g4 O-O 17. g5 Ne8 18. a4 f6 19. gxf6 gxf6 20. Bc3 Rf7 21. Bxa5 e5 22.
Bb6 f5 23. exf5 Rxf5 24. Rh4 Rg5 25. a5 Ng7 26. Bxc4+ Bxc4 27. Rxc4 Rxg2 28. Rd8+ Rxd8 29. Bxd8 Rg1+ 30. Kb2 Ne8 31. a6 Nd6 32. Rb4 Rg7 33. Rb8 Nc4+ 34. Kc3 Ra7 35. Bb6+ Kf7 36. Bxa7 1-0

[Event "*** MasterClass Titled Tuesday Blitz"]
[Site "Chess.com"]
[Date "2017.12.05"]
[Round "6"]
[White "hectorfiori"]
[Black "northridgehawk"]
[Result "1-0"]
[WhiteElo "2206"]
[BlackElo "1969"]
[TimeControl "180+2"]
[EndTime "15:30:34 PST"]
[Termination "hectorfiori won by checkmate"]

1. e4 e5 2. Nf3 Nc6 3. d4 exd4 4. Nxd4 Nf6 5. Nxc6 bxc6 6. Qe2 Rb8 7. e5 Nd5 8. c4 Bb4+ 9. Bd2 Bxd2+ 10. Nxd2 Nf4 11. Qe4 Ne6 12. O-O-O O-O 13. f4 d5 14. Qe3 d4 15. Qf3 c5 16. Bd3 f5 17. exf6 Qxf6 18. g3 Bb7 19. Ne4 Qe7 20. Rhe1 Qd7 21. Qg4 Qc6 22. Qh5 g6 23. Qh6 Qb6 24. b3 Qa5 25. Kb1 Ng7 26. Ng5 Rfe8 27. Qxh7+ Kf8 28. Qh8# 1-0

[Event "*** MasterClass Titled Tuesday Blitz"]
[Site "Chess.com"]
[Date "2017.12.05"]
[Round "6"]
[White "R2D3"]
[Black "isaacAbdulsalam"]
[Result "0-1"]
[WhiteElo "1699"]
[BlackElo "1964"]
[TimeControl "180+2"]
[EndTime "15:30:35 PST"]
[Termination "isaacAbdulsalam won by resignation"]

1. e4 c5 2. Nf3 e6 3. d4 cxd4 4. Nxd4 Qc7 5. Nc3 a6 6. Bd3 Nf6 7. O-O Bc5 8. Be3 h5 9. f4 Ng4 10. Qf3 Nxe3 11. Qxe3 Nc6 12. Nce2 e5 13. fxe5 Qxe5 14.
c3 O-O 15. Rf5 Qd6 16. Rd5 Qe7 17. Kh1 Nxd4 18. cxd4 Bb6 19. Rxh5 g6 20. Re5 Qf6 21.
Ng3 d6 22. Rf1 Qg7 23. Rd5 Be6 24. Rxd6 Bc7 25. Rxe6 fxe6 26. Rxf8+ Rxf8 27. e5 Qf7 28. h3 Kg7 29. Ne4 Bb6 30. Nf6 Rd8 31. Qg5 Rxd4 32. Nh5+ Kf8 33. Bxg6 Rd1+ 34. Kh2 Bg1+ 35. Kg3 Qf2+ 36.
Kg4 Rd4+ 37. Nf4 Qxg2+ 38. Kh5 Qf3+ 39. Kh6 Qxf4 40. Qxf4+ Rxf4 41. Kg5 Be3 42. Kh5 0-1

[Event "*** MasterClass Titled Tuesday Blitz"]
[Site "Chess.com"]
[Date "2017.12.05"]
[Round "6"]
[White "pi_mal_auge"]
[Black "fardinkhan46"]
[Result "0-1"]
[WhiteElo "1596"]
[BlackElo "1465"]
[TimeControl "180+2"]
[EndTime "15:30:35 PST"]
[Termination "fardinkhan46 won by checkmate"]

1. e4 e5 2. Nf3 Nc6 3. c3 Bc5 4. d4 exd4 5. cxd4 Bb4+ 6. Nc3 Bxc3+ 7. bxc3 d5 8. e5 f6 9. Bf4 fxe5 10. Nxe5 Qe7 11.
Be2 Nxe5 12. Bxe5 Nf6 13. O-O Ne4 14. Qc2 O-O 15. Bd3 Bf5 16. Rae1 Qg5 17. f4 Qg6 18. c4 c6 19. a4 a5 20. Rb1 Rab8 21. Rb6 Bh3 22. Bxb8 Rxb8 23. Bxe4 dxe4 24. f5 Qg4 25. d5 Re8 26. Rb3 e3 27. Re1 e2 28. g3 Bf1 29. Rxf1 e1=Q 30. Rxe1 Rxe1+ 31. Kf2 Re5 32. dxc6 bxc6 33. Rb8+ Kf7 34. Qd2 Qxf5+ 35. Kg2 Qe4+ 36. Kh3 Rh5# 0-1

[Event "*** MasterClass Titled Tuesday Blitz"]
[Site "Chess.com"]
[Date "2017.12.05"]
[Round "6"]
[White "AndreyOstrovskiy"]
[Black "Tash_Boy"]
[Result "0-1"]
[WhiteElo "2512"]
[BlackElo "2441"]
[TimeControl "180+2"]
[EndTime "15:30:36 PST"]
[Termination "Tash_Boy won by resignation"]

1. e4 c5 2. Nf3 d6 3. d4 cxd4 4. Nxd4 Nf6 5. Nc3 Nc6 6. Bc4 a6 7. Nxc6 bxc6 8. e5 d5 9. exf6 dxc4 10. Qxd8+ Kxd8 11. fxe7+ Bxe7 12. Bf4 Be6 13. O-O-O+ Kc8 14. Rhe1 Rd8 15. Be5 g6 16. Rxd8+ Kxd8 17. Na4 Ra7 18. f4 Rb7 19. a3 h5 20. Bd4 h4 21. g3 h3 22. Nc5 Bxc5 23. Bxc5 Rd7 24. Bb4 Bg4 25.
Bc3 Rd5 26. Bf6+ Kd7 27. c3 Be6 28. Re4 Rd3 29. Re1 Rf3 30. Rd1+ Bd5 31. Re1 Rf2 32. Re7+ Kd6 33. Ra7 Rxh2 34. g4 Re2 35. Bg7 Be6 36.
Ra8 h2 0-1

[Event "*** MasterClass Titled Tuesday Blitz"]
[Site "Chess.com"]
[Date "2017.12.05"]
[Round "6"]
[White "GameOverBro"]
[Black "TheBigBoss04"]
[Result "1-0"]
[WhiteElo "2322"]
[BlackElo "2497"]
[TimeControl "180+2"]
[EndTime "15:30:38 PST"]
[Termination "GameOverBro won on time"]

1. e4 g6 2. d4 Bg7 3. Nc3 d6 4. Nf3 a6 5. a4 b6 6. Bc4 Bb7 7. Qe2 e6 8. O-O Nd7 9. b4 Ne7 10. b5 axb5 11. Bxb5 c6 12. Bd3 Qc7 13. h3 O-O 14.
Bf4 e5 15. dxe5 dxe5 16. Bg5 Nc5 17. Bc4 Ba6 18. Be3 Bc8 19. a5 b5 20. Bxc5 bxc4 21. Rfb1 Ba6 22. Rb6 Rfd8 23. Rab1 Nc8 24. Nd2 Qd7 25.
Nxc4 Nxb6 26. axb6 Bf8 27. Bxf8 Kxf8 28. b7 Rab8 29. Rb6 1-0

[Event "*** MasterClass Titled Tuesday Blitz"]
[Site "Chess.com"]
[Date "2017.12.05"]
[Round "6"]
[White "sandromareco"]
[Black "Grebeniuk-S"]
[Result "1-0"]
[WhiteElo "2610"]
[BlackElo "2396"]
[TimeControl "180+2"]
[EndTime "15:30:46 PST"]
[Termination "sandromareco won by checkmate"]

1. d4 f5 2. c4 Nf6 3. Nf3 d6 4. g3 g6 5. Bg2 Bg7 6. O-O O-O 7. Nc3 Qe8 8. d5 a5 9. Nd4 Na6 10. b3 Bd7 11. Bb2 Nc5 12. Rb1 c6 13. Qc2 Rc8 14.
dxc6 bxc6 15. e3 e5 16. Nde2 e4 17. Ba3 Ng4 18. Rbd1 Qe7 19. Qd2 Nd3 20. Nf4 Nge5 21. Nxd3 Nxd3 22. f3 exf3 23. Bxf3 Nb4 24. Na4 Be5 25.
Bxb4 axb4 26. Nb6 Rb8 27. Qxb4 c5 28. Nd5 Rxb4 29. Nxe7+ Kf7 30. Nd5 Rbb8 31. Nf4 Rfe8 32.
Rd2 Rb6 33. Rfd1 Ra6 34. Nd3 Bc3 35. Rc2 Bf6 36. Nxc5 dxc5 37. Rxd7+ Re7 38. Rd3 g5 39. Kf2 f4 40. exf4 Bd4+ 41. Kg2 gxf4 42. Bd5+ Kg6 43.
b4 fxg3 44. b5 Ra4 45. Rxg3+ Kf6 46. b6 Rb4 47. b7 Re3 48. Rg8 Be5 49. Rf2+ Ke7 50.
Rf7+ Kd6 51. Rd8# 1-0

[Event "*** MasterClass Titled Tuesday Blitz"]
[Site "Chess.com"]
[Date "2017.12.05"]
[Round "6"]
[White "Gattass"]
[Black "Jahonas"]
[Result "1-0"]
[WhiteElo "2122"]
[BlackElo "2242"]
[TimeControl "180+2"]
[EndTime "15:30:48 PST"]
[Termination "Gattass won by resignation"]

1. c4 Nf6 2. Nf3 g6 3. Nc3 Bg7 4. e4 O-O 5. d4 c5 6. d5 d6 7. Be2 Na6 8. Bg5 Nc7 9. Qd2 Bd7 10.
Bh6 Re8 11. Bxg7 Kxg7 12. O-O-O a6 13. h4 h5 14. e5 dxe5 15. Nxe5 Rh8 16. Qg5 Nce8 17.
Bd3 Rh6 18. f4 Bg4 19. Rde1 Nd6 20. Nxg4 hxg4 21. h5 Nxh5 22. Rxe7 Rc8 23. f5 Rc7 24. f6+ Kg8 25. Qxh6 Rxe7 26. Rxh5 Re1+ 27. Kd2 Qxf6 28. Qh7+ Kf8 29. Qh8+ Qxh8 30. Rxh8+ Kg7 31. Kxe1 Kxh8 32. Ne4 Nxe4 33. Bxe4 Kg7 34. d6 Kf8 35. Bxb7 1-0

[Event "*** MasterClass Titled Tuesday Blitz"]
[Site "Chess.com"]
[Date "2017.12.05"]
[Round "6"]
[White "ncdogan"]
[Black "Vojtastr"]
[Result "0-1"]
[WhiteElo "2389"]
[BlackElo "2402"]
[TimeControl "180+2"]
[EndTime "15:31:02 PST"]
[Termination "Vojtastr won by resignation"]

1. d4 Nf6 2. c4 c5 3. d5 e6 4.
Nc3 exd5 5. cxd5 d6 6. Nf3 g6 7. g3 Bg7 8. Bg2 O-O 9. O-O Nbd7 10. Bf4 Ne8 11. Qd2 a6 12. a4 Rb8 13. Rab1 b5 14. axb5 axb5 15. b4 cxb4 16. Rxb4 Qa5 17. Rfb1 Nc5 18.
Nd4 Bd7 19. Nc6 Bxc6 20. dxc6 Ne6 21. Bh6 N8c7 22. Bxg7 Kxg7 23. Qxd6 Rfd8 24. Qe5+ f6 25. Qe3 Re8 26. h4 Rbd8 27. Re4 f5 28. Re5 Qa6 29. Nxb5 Qa2 30. Nc3 Qc2 31. Rc1 Qb2 32. Rb1 Qc2 33. Rb7 Kg8 34. Nd5 Nxd5 35. Bxd5 Qd1+ 36.
Kg2 f4 37. Rxe6 Qxd5+ 0-1

[Event "*** MasterClass Titled Tuesday Blitz"]
[Site "Chess.com"]
[Date "2017.12.05"]
[Round "6"]
[White "Jadeit90"]
[Black "evgenysharapov"]
[Result "0-1"]
[WhiteElo "2311"]
[BlackElo "2292"]
[TimeControl "180+2"]
[EndTime "15:31:05 PST"]
[Termination "evgenysharapov won by resignation"]

1. e4 c5 2. Nc3 Nc6 3. g3 g6 4. Bg2 Bg7 5. d3 e5 6. Be3 d6 7. Nge2 Nge7 8. Qd2 Nd4 9. Nd1 Be6 10.
Nc1 Qd7 11. c3 Ndc6 12. Bh6 Bxh6 13. Qxh6 O-O-O 14. h3 d5 15. O-O dxe4 16. dxe4 f5 17. exf5 Nxf5 18. Qg5 Bd5 19. Bxd5 Qxd5 20. Ne3 Nxe3 21.
Qxe3 e4 22. Nb3 c4 23. Nd4 Nxd4 24. cxd4 Qxd4 25. Qa3 Kb8 26. Rfe1 Rhf8 27. Re2 Rf3 28. Re3 Rxe3 29. fxe3 Qd3 30. Qc5 Qd5 31. Qe7 Rd7 32. Qe8+ Rd8 33. Qe7 a6 34. Rf1 Ka7 35. Qxh7 Qd2 36. Qh6 Qxb2 37. Qxg6 Rd2 38. Qxe4 c3 39. Rb1 c2 0-1

[Event "*** MasterClass Titled Tuesday Blitz"]
[Site "Chess.com"]
[Date "2017.12.05"]
[Round "6"]
[White "saraiva_80"]
[Black "HolyInquisitor0001"]
[Result "1/2-1/2"]
[WhiteElo "1355"]
[BlackElo "1653"]
[TimeControl "180+2"]
[EndTime "15:31:06 PST"]
[Termination "Game drawn - insufficient material"]

1. Nf3 Nf6 2. c4 g6 3. g3 Bg7 4. Bg2 O-O 5. d4 d6 6. O-O Nc6 7. Bd2 Bg4 8. d5 Bxf3 9. exf3 Ne5 10. b3 Ned7 11. Bc3 c6 12. dxc6 bxc6 13. Re1 d5 14. f4 e6 15. cxd5 cxd5 16. Qd4 a5 17. Nd2 Qb6 18. Qxb6 Nxb6 19. a4 Rfc8 20. Rac1 Nbd7 21.
Nf3 Ne4 22. Bxg7 Kxg7 23. Nd4 Rxc1 24. Rxc1 Rb8 25. Bxe4 dxe4 26. Nc6 Rxb3 27. Nxa5 Ra3 28. Rc4 Nb6 29. Rxe4 Rxa4 30. Rxa4 Nxa4 31. Nc4 Nc5 32.
Kg2 Kf6 33. Ne3 Ke7 34. Ng4 h5 35. Ne3 f6 36. Kf3 Kd6 37. h3 Nd7 38. g4 hxg4+ 39. hxg4 Nb6 40. Ke2 Nd5 41. Nxd5 Kxd5 42. Ke3 e5 43. f3 exf4+ 44. Kxf4 Ke6 45. Ke4 g5 46. f4 gxf4 47. Kxf4 Ke7 48. Kf5 Kf7 49. g5 fxg5 50. Kxg5 1/2-1/2

[Event "*** MasterClass Titled Tuesday Blitz"]
[Site "Chess.com"]
[Date "2017.12.05"]
[Round "6"]
[White "Dr_Nezard"]
[Black "juniortay"]
[Result "0-1"]
[WhiteElo "2283"]
[BlackElo "2309"]
[TimeControl "180+2"]
[EndTime "15:31:07 PST"]
[Termination "juniortay won by resignation"]

1. Nf3 Nf6 2. g3 g6 3. Bg2 Bg7 4. O-O O-O 5. d4 d6 6. Re1 c6 7. e4 Bg4 8. h3 Bxf3 9. Qxf3 Nfd7 10. c3 c5 11. e5 Nc6 12. exd6 exd6 13. dxc5 dxc5 14. Na3 Nde5 15. Qd5 Qb6 16. Nc4 Nxc4 17. Qxc4 Ne5 18. Qb3 Nd3 19. Rd1 c4 20. Qxb6 axb6 21.
Bxb7 Ra7 22. Bd5 b5 23. Be3 Ra6 24. Rd2 Rb8 25. a3 Nxb2 26. Rxb2 Bxc3 27. Rba2 Bxa1 28. Rxa1 c3 29. Bc5 b4 30. Rb1 c2 31. Rc1 b3 32.
Bxb3 Rxb3 33. Rxc2 Rc6 34. Rc1 Rb5 35. Be3 Rxc1+ 36.
Bxc1 Rb1 37. Kg2 Rxc1 0-1

[Event "*** MasterClass Titled Tuesday Blitz"]
[Site "Chess.com"]
[Date "2017.12.05"]
[Round "6"]
[White "PenguinPacks"]
[Black "Margency"]
[Result "0-1"]
[WhiteElo "2261"]
[BlackElo "2490"]
[TimeControl "180+2"]
[EndTime "15:31:12 PST"]
[Termination "Margency won by resignation"]

1. d4 Nf6 2. c4 g6 3. Nc3 Bg7 4.
e4 d6 5. f3 c6 6. Nge2 a6 7. Be3 b5 8. c5 Nbd7 9. cxd6 exd6 10.
Qd2 O-O 11. Nf4 Bb7 12. Be2 c5 13. dxc5 dxc5 14. O-O Rc8 15. Rfd1 c4 16. a4 b4 17. Ncd5 a5 18. Rac1 Nxd5 19. Nxd5 Ne5 20. Nb6 c3 21.
Qe1 Qf6 22. Nxc8 Rxc8 23. bxc3 bxc3 24. Bd4 c2 25. Rd2 Bh6 26. Rdxc2 Nxf3+ 27. Bxf3 Qxd4+ 28. Kh1 Bxc1 29. Rxc8+ Bxc8 30. Qxc1 Bd7 31. h3 Qxa4 32.
e5 Be6 33. Qg5 Qe8 34. h4 a4 35. Qe3 Qf8 36. Qc1 h5 37. Qa1 a3 38. Kh2 a2 39. Be4 Qb4 40. Bc2 Qxh4+ 41. Kg1 Qc4 42. Bd1 Qb4 43. Bc2 Qd2 44. Bd1 Bd5 45. Bf3 Bxf3 46. gxf3 Qc2 0-1

[Event "*** MasterClass Titled Tuesday Blitz"]
[Site "Chess.com"]
[Date "2017.12.05"]
[Round "6"]
[White "Rhinos1"]
[Black "ZalupiNputiN"]
[Result "1-0"]
[WhiteElo "2042"]
[BlackElo "2043"]
[TimeControl "180+2"]
[EndTime "15:31:22 PST"]
[Termination "Rhinos1 won by checkmate"]

1. e4 c5 2. d4 cxd4 3. c3 Nf6 4. e5 Nd5 5. cxd4 e6 6. f4 Nc6 7. Nf3 h6 8. Nc3 Bb4 9. Bd2 Qb6 10. Nb5 O-O 11. Bc4 Ne3 12. Qe2 Bxd2+ 13. Kxd2 Nxc4+ 14. Qxc4 a6 15. Nd6 Qa5+ 16. Qc3 Qd5 17. Rhd1 b5 18. Ke2 f6 19. Kf2 g5 20. Qc2 f5 21. fxg5 Nb4 22. Qd2 Nc6 23. gxh6 f4 24. Qc2 Rf5 25.
Nxf5 exf5 26. Qxf5 Qf7 27. Qg5+ Kf8 28. d5 Nb4 29.
Qd8+ Qe8 30. Qf6+ Qf7 31. Qh8+ Ke7 32. d6+ Ke6 33. Ng5+ Kf5 34. Nxf7 Bb7 35. Qf6+ Ke4 36. Ng5# 1-0

[Event "*** MasterClass Titled Tuesday Blitz"]
[Site "Chess.com"]
[Date "2017.12.05"]
[Round "6"]
[White "nicegg"]
[Black "DiogenesSinopeus"]
[Result "1-0"]
[WhiteElo "1999"]
[BlackElo "2351"]
[TimeControl "180+2"]
[EndTime "15:31:23 PST"]
[Termination "nicegg won by checkmate"]

1. e4 c5 2. Qh5 e6 3. f4 Nf6 4.
Qf3 Nc6 5. c3 d5 6. d3 dxe4 7.
dxe4 e5 8. f5 b6 9. g4 Bb7 10.
Nd2 Qc7 11. g5 Nd7 12. h4 O-O-O 13. Bc4 f6 14. Ne2 Kb8 15. Nf1 Be7 16. Be3 Na5 17. Be6 Nf8 18. Bb3 Nxb3 19. axb3 Qc6 20. Nfg3 Qb5 21. Nc1 Nd7 22. Qe2 Qc6 23. Qf3 c4 24. b4 a6 25. Rh2 Kc7 26. Rd2 Nb8 27. Nce2 Rxd2 28. Bxd2 Rd8 29. O-O-O Qa4 30. Ng1 Bc6 31.
Kb1 a5 32. bxa5 Qxa5 33. Be3 Nd7 34. Qe2 b5 35. Nh5 Ra8 36. Kc2 Qa4+ 37. Kd2 Qb3 38. Ke1 Ra2 39. Rd2 Nc5 40. Nxg7 Nxe4 41. Ne6+ Kc8 42.
gxf6 Bxf6 43. Bg5 Nxd2 44. Qxd2 Bxg5 45. hxg5 Qxb2 46. Qd8+ Kb7 47. Qe7+ Kb6 48. Qc5+ Ka5 49. Qa7# 1-0